 Dungeon Crawl Stone Soup version 0.21.1-1-g345015f (webtiles) character file.

51 inc the Scratcher (level 3, 17/17 HPs)
             Began as a Felid Monk on Mar 14, 2018.
             Quit the game on level 3 of the Dungeon.
             The game lasted 00:03:40 (2800 turns).

inc the Scratcher (Felid Monk)                      Turns: 2800, Time: 00:03:41

Health: 17/17      AC:  1    Str:  7    XL:     3   Next: 57%
Magic:  4/4        EV: 20    Int: 12    God:
Gold:   163        SH:  0    Dex: 18    Spells: 1/2 levels left
                                        Lives:  0   Deaths: 1

rFire    . . .     SeeInvis +     - Unarmed
rCold    . . .     Gourm    .   (shield unavailable)
rNeg     . . .     Faith    .   (armour unavailable)
rPois    .         Spirit   .   (helmet unavailable)
rElec    .         Reflect  .   (cloak unavailable)
rCorr    .         Harm     .   (gloves unavailable)
MR       .....                  (boots unavailable)
Stlth    +++.......             e - amulet of inaccuracy (curse)
HPRegen  0.05/turn              (no ring)
MPRegen  0.09/turn              (no ring)

@: very slightly contaminated, invisible, quick
A: very small, no armour, no weapons or thrown items, stealth, claws 1, fangs 3,
see invisible, carnivore, speed 1, shaggy fur 1, slow metabolism 1, sharp paws
a: no special abilities


You were on level 3 of the Dungeon.
You were not hungry.

You visited 1 branch of the dungeon, and saw 3 of its levels.

You collected 163 gold pieces.

Inventory:

Jewellery
 e - a cursed amulet of inaccuracy (around neck)
Scrolls
 f - a scroll of teleportation
 g - a scroll of remove curse {unknown}
Potions
 b - 2 potions of curing
Books
 c - a book of Cantrips

   Spells                             Type                      Level
   a - Confusing Touch                Hexes                        1
   b - Animate Skeleton               Necromancy                   1
   c - Summon Small Mammal            Summoning                    1
   d - Apportation                    Translocation                1
Comestibles
 a - 3 rations


   Skills:
 - Level 3.0 Fighting
 - Level 4.8 Dodging
 - Level 2.6 Stealth
 + Level 5.0 Unarmed Combat


You had one spell level left.
You knew the following spells:

 Your Spells              Type           Power        Failure   Level  Hunger
a - Confusing Touch       Hex            #.....       32%         1    ##.....


Dungeon Overview and Level Annotations

Branches:
Dungeon (3/15)

Altars:

Annotations:
D:3 Crazy Yiuf


Innate Abilities, Weirdness & Mutations

You cannot wear armour.
You are incapable of wielding weapons or throwing items.
Your paws allow you to move quietly. (Stealth)
You have sharp claws.
You have razor-sharp teeth.
You have supernaturally acute eyesight. (SInv)
You are carnivorous and can eat meat at any time.
You cover ground quickly.
You are covered in fur. (AC +1)
You have a slow metabolism.
Your sharp claws are effective at attacking unaware monsters.


Message History

You scratch Crazy Yiuf.
Crazy Yiuf is severely wounded.
Crazy Yiuf hits you with a quarterstaff of chaos!
Ouch! That really hurt!
Crazy Yiuf freezes you.
* * * LOW HITPOINT WARNING * * *
You are too injured to fight recklessly!
You closely miss Crazy Yiuf.
Crazy Yiuf is severely wounded.
Crazy Yiuf seems less confused.
Crazy Yiuf flaps his cloak.
Crazy Yiuf hits you with a quarterstaff of chaos.
You die...
You are now level 3!
You rejoin the land of the living...
It was a potion of invisibility.
You fade into invisibility!
You are very lightly contaminated with residual magic.
It was a potion of curing.
You feel better.
Are you sure you want to abandon this character and quit the game? (Confirm with "yes".)

#.......# #.# #..###### #.# ##
#..# #.# #. #..# #.# #.
####### #..# #.# #. ......#
#..# #.# #. #####.#### #..#
##########.# #.
##.......####..####.......##.#
#.
...#####......).@...#####.##.#
#. ##.# #.....).###### #.##.#
#. ##.# #......#######
#.##.###. ##.# #..#####.....#
#.##....) ##.#####..#
#.###.#####.#...##.
##........# #.#
#...........##. ......##[.#
#.###.#######...###
########.## #.....# ##..# #
#.# ###.####### #..# #


There were no monsters in sight!

Vanquished Creatures
  3 gnolls (D:3)
  An adder (D:3)
  An ooze (D:1)
  3 worms
  A dart slug (D:3)
  3 orcs (D:3)
  2 giant cockroaches
  4 goblins
  4 hobgoblins
  3 jackals
  4 kobolds
  2 quokkas (D:3)
  2 ball pythons
  8 bats
  4 frilled lizards
  10 rats
55 creatures vanquished.

Notes
Turn   | Place    | Note
-------+----------+-------------------------------------------
     0 | D:1      | inc the Felid Monk began the quest for the Orb.
     0 | D:1      | Reached XP level 1. HP: 10/10 MP: 2/2
    76 | D:1      | Reached XP level 2. HP: 14/14 MP: 3/3
   551 | D:1      | Reached skill level 4 in Unarmed Combat
   921 | D:2      | Reached XP level 3. HP: 17/17 MP: 4/4
  1111 | D:2      | Noticed a phantom
  1566 | D:3      | Reached XP level 4. HP: 21/21 MP: 5/5
  1609 | D:3      | Learned a level 1 spell: Confusing Touch
  2537 | D:3      | Reached skill level 5 in Unarmed Combat
  2617 | D:3      | Found a runed door.
  2787 | D:3      | Noticed Crazy Yiuf
  2797 | D:3      | Slain by Crazy Yiuf
  2798 | D:3      | Reached XP level 3. HP: -3/17 MP: 4/4
  2800 | D:3      | Quit the game

Skill      XL: |  1  2  3  4 |
---------------+-------------+-----
Unarmed Combat | 4 5 |  5.0
Fighting       | |  3.0
Dodging        | |  4.8
Stealth        | |  2.6

Action                   |  1- 3 |  4- 6 || total
-------------------------+-------+-------++-------
Melee: Unarmed           |   114 |    92 ||   206
       Bite              |    11 |     8 ||    19
       Punch             |     3 |     2 ||     5
 Cast: Confusing Touch   |       |     5 ||     5
  Use: Scroll            |     2 |     1 ||     3
       Potion            |     2 |       ||     2
 Stab: Sleeping          |    13 |       ||    13
       Confused          |       |     2 ||     2
       Distracted        |       |     1 ||     1
  Eat: Chunk             |       |     5 ||     5
Armor: Skin              |     6 |     1 ||     7
Dodge: Dodged            |   103 |    60 ||   163
